 Dungeon Crawl Stone Soup version 0.30-a0-777-ga9a30cbeda (webtiles) character file.

Game seed: 15388967887105435864

761 zero the Digger (level 7, -1/36 HPs)
             Began as a Gargoyle Earth Elementalist on Feb 14, 2023.
             Was an Initiate of Vehumet.
             Slain by a killer bee (7 damage)
             ... on level 6 of the Dungeon.
             The game lasted 00:04:05 (5262 turns).

zero the Digger (Gargoyle Earth Elementalist)       Turns: 5262, Time: 00:04:05

Health: -1/36      AC: 11    Str: 11    XL:     7   Next: 80%
Magic:  14/14      EV: 11    Int: 24    God:    Vehumet [......]
Gold:   179        SH:  0    Dex: 10    Spells: 7/16 levels left

rFire   . . .      SeeInvis .    a - +0 falchion (elec)
rCold   . . .      Faith    .    (no shield)
rNeg    + . .      Spirit   .    q - +2 animal skin
rPois   ∞          Reflect  .    r - +0 helmet
rElec   +          Harm     .    (no cloak)
rCorr   .          Rampage  .    s - +1 pair of gloves
Will    .....                    (no boots)
Stlth   ++                       (no amulet)
HPRegen 0.26/turn                k - +6 ring of intelligence
MPRegen 0.14/turn                (no ring)

@: no status effects
A: sickness immunity, AC +4, negative energy resistance 1, electricity
resistance, torment resistance 1, petrification resistance
a: Renounce Religion


You were on level 6 of the Dungeon.
You worshipped Vehumet.
Vehumet was noncommittal.
You visited 2 branches of the dungeon, and saw 7 of its levels.

You collected 179 gold pieces.

Inventory:

Hand Weapons
 a - a +0 falchion of electrocution (weapon)
 n - a +2 heavy flail
 p - a +2 heavy spear
Armour
 q - a +2 animal skin (worn)
 r - a +0 helmet (worn)
 s - a +1 pair of gloves (worn)
Jewellery
 k - a +6 ring of intelligence (left hand)
Wands
 g - a wand of roots (6)
 A - a wand of charming (9)
Scrolls
 f - 3 scrolls of immolation {unknown}
 h - 4 scrolls of identify {unknown}
 i - a scroll of magic mapping {unknown}
 l - a scroll of fog {unknown}
 m - 2 scrolls of enchant armour {unknown}
 o - a scroll of noise {unknown}
 u - 2 scrolls of vulnerability {unknown}
 v - a scroll of amnesia {unknown}
 w - 3 scrolls of poison {unknown}
 x - a scroll of enchant weapon {unknown}
 y - a scroll of teleportation {unknown}
Potions
 b - 2 potions of magic
 c - 4 potions of might {unknown}
 d - a potion of resistance {unknown}
 e - a potion of berserk rage {unknown}
 j - a potion of degeneration {unknown}
 t - 2 potions of mutation {unknown}
 z - a potion of lignification {unknown}


   Skills:
 - Level 1.5 Dodging
 - Level 2.1 Stealth
 + Level 5.2 Spellcasting
 + Level 1.8 Conjurations
 - Level 0.7 Transmutations
 + Level 1.6 Ice Magic
 + Level 1.3 Air Magic
 + Level 7.4 Earth Magic


You had 7 spell levels left.
You knew the following spells:

 Your Spells              Type           Power      Damage    Failure   Level
a - Sandblast             Erth           84%        2d18      1%          1
b - Stone Arrow           Conj/Erth      56%        3d10      3%          3
c - Freezing Cloud        Conj/Ice/Air   7%         6-21      77%         5

Your spell library contained the following spells:

 Spells                   Type           Power      Damage    Failure   Level
 Passwall                 Tmut/Erth      20%        N/A       2%          2
 Lesser Beckoning         Tloc           12%        N/A       13%         2
 Petrify                  Tmut/Erth      25%        N/A       16%         4
 Kindle Blastsparks       Fire/Tloc/Air  16%        2d11      22%         3
 Ignite Poison            Fire/Tmut/Pois 7%         N/A       24%         3
 Gell's Gravitas          Tloc           6%         N/A       26%         3
 Teleport Other           Tloc           6%         N/A       26%         3
 Dispel Undead            Necr           6%         3d8       65%         4
 Death Channel            Necr           3%         N/A       100%        6
 Cigotuvi's Dreadful Rot  Necr/Pois/Air  Unusable   N/A       N/A         2

Dungeon Overview and Level Annotations

Branches:
Dungeon (6/15)             Temple (1/1) D:5

Altars:
Ashenzari
Cheibriados
Dithmenos
Elyvilon
Gozag
Hepliaklqana
Kikubaaqudgha
Nemelex Xobeh
Okawaru
Qazlal
Ru
Sif Muna
Trog
Uskayaw
Vehumet
Wu Jian
Xom
Yredelemnul
The Shining One

Shops:
D:3 :

Annotations:
D:6 3 runed translucent doors, Domino's ghost, novice MiBe; LowRida's ghost, novice OpCj; Rye's ghost, amateur HuMo; Stoves66's ghost, novice MiBe; bmj180's ghost, novice GrEE


Innate Abilities, Weirdness & Mutations

You are immune to sickness and miasma.
Your stone body is resilient. (AC +4)
You are immune to poison.
You resist negative energy. (rN+)
You are resistant to electric shocks. (rElec)
You are resistant to unholy torment.
You are immune to petrification.


Message History

The bullfrog barely misses you.
The killer bee stings you but does no damage.
The grasping roots constrict the gnoll!
You kill the gnoll!
Vehumet accepts your kill.
The grasping roots constrict the killer bee!
The grasping roots constrict the killer bee.
The grasping roots constrict the bullfrog.
The roots release their grip on the killer bee. x2
The roots release their grip on the bullfrog.
The killer bee stings you but does no damage.
The bullfrog barely misses you.
The killer bee stings you but does no damage.
The killer bee stings you but does no damage.
The bullfrog hits you.
The killer bee attacks as you move away!
The killer bee closely misses you.
The killer bee stings you but does no damage.
The killer bee stings you. The killer bee closely misses you.
The killer bee attacks as you move away!
The killer bee stings you but does no damage.
The killer bee stings you.
The killer bee stings you but does no damage.
The killer bee barely misses you. The killer bee barely misses you.
The killer bee stings you but does no damage.
The bullfrog releases a deep croak.
The killer bee barely misses you. x2; The killer bee stings you.
The killer bee attacks as you move away!
The killer bee barely misses you. The killer bee closely misses you.
The killer bee barely misses you. The killer bee stings you.
The killer bee barely misses you.
The killer bee attacks as you move away!
The killer bee stings you!
* * * LOW HITPOINT WARNING * * *
Found a scroll labelled ROADYI JAUMOUCEI.
The killer bee stings you but does no damage. x2
There is a stone staircase leading up here.
The killer bee stings you!
You die...

#..# ##..## ##..
##..## ##).## .
......##.)##
#...).## ###..##
#### ##..## #..# ..
#...####..# #..?
##....##y.###....
##....F.y@.......
#.......yy.......
##..gg......######
##...#.......#.8!.#
##..####......#....8
.#####..##
##.....#.....
..)†...##
##....+.....
.......##
#....+.....
#####...##
##....+.....


You could see a bullfrog, 4 killer bees and 2 gnolls.

Vanquished Creatures
  An ice beast (D:5)
  2 kobold brigands
  A phantom (D:4)
  A killer bee (D:6)
  4 hounds
  An orc priest (D:4)
  3 orc wizards
  Robin (D:3)
  2 adders
  4 gnolls
  An adder skeleton (D:2)
  2 dart slugs
  22 orcs
  7 endoplasms
  4 giant cockroaches
  8 goblins
  4 hobgoblins
  6 jackals
  6 kobolds
  5 quokkas
  3 ball pythons (D:1)
  A ball python skeleton (D:2)
  A ball python zombie (D:2)
  7 bats
  2 frilled lizards (D:1)
  A giant cockroach zombie (D:2)
  A jackal zombie (D:2)
  2 quokka skeletons (D:2)
  2 rats (D:1)
105 creatures vanquished.

Notes
Turn   | Place    | Note
-------+----------+-------------------------------------------
     0 | D:1      | zero the Gargoyle Earth Elementalist began the quest for
                  | the Orb.
     0 | D:1      | Reached XP level 1. HP: 10/10 MP: 3/3
   121 | D:1      | Reached XP level 2. HP: 15/15 MP: 0/5
   131 | D:1      | Reached skill level 4 in Earth Magic
   444 | D:1      | Reached XP level 3. HP: 19/19 MP: 1/6
   448 | D:1      | Learned a level 3 spell: Stone Arrow
  1371 | D:2      | Reached XP level 4. HP: 19/24 MP: 3/8
  1729 | D:3      | Noticed Robin
  1736 | D:3      | Killed Robin
  1737 | D:3      | Reached skill level 5 in Earth Magic
  1976 | D:3      | Found Umiamusy's Book Boutique.
  2052 | D:3      | Found a shimmering blue altar of Sif Muna.
  2055 | D:3      | Found an ancient bone altar of Kikubaaqudgha.
  2110 | D:3      | Found a faded altar of an unknown god.
  2952 | D:3      | Reached XP level 5. HP: 21/28 MP: 8/10
  3286 | D:4      | Noticed a phantom
  3289 | D:4      | Reached skill level 6 in Earth Magic
  3289 | D:4      | Reached XP level 6. HP: 25/32 MP: 8/12
  4061 | D:5      | Entered Level 5 of the Dungeon
  4068 | D:5      | Learned a level 5 spell: Freezing Cloud
  4085 | D:5      | Reached skill level 7 in Earth Magic
  4085 | D:5      | Reached XP level 7. HP: 36/36 MP: 11/14
  4124 | D:5      | Reached skill level 5 in Spellcasting
  4507 | D:5      | Found a staircase to the Ecumenical Temple.
  4515 | D:5      | Reached skill level 1 in Conjurations
  4515 | D:5      | Reached skill level 1 in Ice Magic
  4515 | D:5      | Reached skill level 1 in Air Magic
  4518 | Temple   | Entered the Ecumenical Temple
  4722 | Temple   | Became a worshipper of Vehumet
  5210 | D:6      | Found a runed translucent gate.
  5210 | D:6      | Found a runed translucent gate.
  5211 | D:6      | Found a runed translucent gate.
  5212 | D:6      | Noticed Stoves66's ghost (novice MiBe)
  5212 | D:6      | Noticed Domino's ghost (novice MiBe)
  5213 | D:6      | Noticed Rye's ghost (amateur HuMo)
  5213 | D:6      | Noticed bmj180's ghost (novice GrEE)
  5215 | D:6      | Noticed LowRida's ghost (novice OpCj)
  5262 | D:6      | Slain by a killer bee

Illustrated notes

Levels and vault maps discovered:
D:1:      ncdulo_watergridlock, layout_loops_ring
D:2:      layout_rooms, serial_undead, serial_undead_f, serial_undead_f,
          serial_undead_e, serial_undead_d, minmay_misc_feat_alley,
          columned_hall_lemuel
D:3:      layout_loops_ring, minitemple, serial_shops, shop_fountains,
          serial_co_window_serial, co_window_paths_a, co_window_corner_a,
          co_window_paths_b, co_window_of_opportunity_a, co_window_corner_a,
          co_window_paths_c, co_window_of_opportunity_c, co_window_2corner,
          glass_columns_c, glass_columns_c, glass_columns_a,
          shapermc_ecumenical_altar_ellora, hangedman_feature_mirror,
          minmay_stone_trees_large, uniq_robin
D:4:      layout_basic, item_on_display_b
D:5:      layout_loops_ring, minmay_temple_entry_grid
D:6:      layout_layer_cave, gammafunk_ghost_cemetery
Temple:   bh_familiar_temple

Skill      XL: |  1  2  3  4  5  6  7 |
---------------+----------------------+-----
Earth Magic    | 4 5 6 7 |  7.4
Spellcasting   | 3 4 5 |  5.2
Conjurations   | 1 |  1.8
Ice Magic      | 1 |  1.6
Air Magic      | 1 |  1.3
Dodging        | |  1.5
Stealth        | |  2.1
Transmutations | |  0.7

Action                     |  1- 3 |  4- 6 |  7- 9 || total
---------------------------+-------+-------+-------++-------
  Melee: Unarmed           |     1 |       |       ||     1
         Dagger            |    32 |    11 |       ||    43
         Spear             |       |     4 |       ||     4
         Flail             |       |     1 |       ||     1
         Falchion          |       |     7 |     9 ||    16
   Cast: Sandblast         |    60 |    60 |    15 ||   135
         Stone Arrow       |       |     1 |       ||     1
  Evoke: Wand              |       |       |     1 ||     1
   Stab: Sleeping          |       |       |     1 ||     1
 Armour: Robe              |    37 |     8 |       ||    45
         Animal skin       |       |    27 |    22 ||    49
  Dodge: Dodged            |    50 |    56 |    30 ||   136

Table legend: (Time is in decaauts)
 A = Elapsed time spent in this place.
 B = Non-inter-level travel time spent in this place.
 C = Inter-level travel time spent in this place.
 D = Time resting spent in this place.
 E = Time spent auto-exploring this place.
 F = Levels seen in this place.
 G = Mean time per level.
                   A        B        C        D        E       F      G
               +--------+--------+--------+--------+--------+-----+--------+
         Total |   5338 |   5072 |    266 |    311 |   4034 |   7 |  762.6 |
       Dungeon |   5115 |   4906 |    209 |    311 |   3878 |   6 |  852.5 |
        Temple |    222 |    165 |     57 |      0 |    156 |   1 |  222.0 |
               +--------+--------+--------+--------+--------+-----+--------+

Top non-repeatable levels by time:
     D:3: 1259 daAuts
     D:1: 1102 daAuts
     D:4: 1044 daAuts
     D:5: 720 daAuts
     D:2: 719 daAuts
     D:6: 268 daAuts
  Temple: 222 daAuts
